 Dungeon Crawl Stone Soup version 0.31-a0-1163-gcee99d1eea (webtiles) character file.

Game seed: 14085443633579340139

161 Zonian the Ruffian (level 4, -4/37 HPs)
             Began as a Demigod Shapeshifter on Dec 9, 2023.
             Slain by a scorpion (6 damage)
             ... on level 4 of the Dungeon.
             The game lasted 00:08:07 (2972 turns).

Zonian the Ruffian (Demigod Shapeshifter)           Turns: 2972, Time: 00:08:07

Health: -4/37      AC:  2    Str: 19    XL:     4   Next: 98%
Magic:  6/6        EV:  9    Int: 12    God:
Gold:   151        SH:  0    Dex: 13    Spells: 3/3 levels left

rFire   . .          .
                       - Unarmed
rCold   . . .        (no shield)
rNeg    . . .        a - +0 animal skin
rPois   .            (helmet currently unavailable)
rElec   .            (cloak currently unavailable)
rCorr   .            (gloves currently unavailable)
SInv    .            (boots currently unavailable)
Will    .....        f - amulet of regeneration {@e2}
Stlth   +            (no ring)
HPRegen 1.06/turn    (no ring)
MPRegen 0.10/turn

%: no passive effects
@: lethally poisoned (-4 -> -8), beast-form, hasted, constricted, very quick
A: beast (slay +1), high MP 1, forlorn, divine attributes
a: Begin Untransformation


You were on level 4 of the Dungeon.
You were a hulking beast.
You visited 1 branch of the dungeon, and saw 4 of its levels.

You collected 195 gold pieces.
You spent 44 gold pieces at shops.


Innate Abilities, Weirdness & Mutations

You are a hulking beast.
Your limbs bulge with bestial killing power. (Slay +1)
You have an increased reservoir of magic. (+10% MP)
You shall have no god before yourself.
Your divine heritage dramatically boosts your attributes as you level up.


   Skills:
 + Level 2.3 Fighting
 + Level 2.9 Dodging
 + Level 3.5 Unarmed Combat
 + Level 3.4 Shapeshifting


You had 3 spell levels left.
You didn't know any spells.
Your spell library contained the following spells:

 Spells                   Type           Power      Damage    Failure   Level
 Apportation              Tloc           0%         N/A       32%         1
 Kiss of Death            Conj/Necr      0%         2d5       32%         1
 Necrotise                Necr           0%         1d4       32%         1
 Summon Small Mammal      Summ           0%         N/A       32%         1
 Lesser Beckoning         Tloc           0%         N/A       45%         2
 Confusing Touch          Hex            0%         N/A       69%         3
 Gell's Gravitas          Tloc           0%         N/A       69%         3
 Teleport Other           Tloc           0%         N/A       69%         3
 Dispel Undead            Necr           0%         3d6       97%         4

Inventory:

Hand Weapons
 e - a +1 club {mace}
   (You found it on level 1 of the Dungeon)
Missiles
 k - 5 boomerangs {throwing}
 s - 2 poisoned darts {throwing}
Armour
 a - a +0 animal skin (worn)
 p - a +1 helmet
   (You took it off Robin on level 2 of the Dungeon)
Jewellery
 f - an amulet of regeneration (around neck) {@e2}
   (You found it on level 3 of the Dungeon)
Talismans
 c - a beast talisman
 d - a flux talisman
Scrolls
 m - a scroll of enchant armour
Potions
 b - 2 potions of lignification {!q}
 j - 2 potions of brilliance
 q - a potion of resistance

Dungeon Overview and Level Annotations

Branches:
Dungeon (4/15) Zot: 21042
 Temple: D:4-7

Shops:
D:3

:? #### .#
#..###.
$.....
.....
#...#
##...#####
####
#..s.....<
##..#
+.hh<.....
#...#
#.S.......
#...#
#.........
...#
#.........
#..#
##....###+
#..#
#....#
#..#
......
#..#
.......
#..#


You could see a scorpion, a hound and a ball python.


Message History

The scorpion stings you. 😕 HP[-4]
You take 4 damage, and now have 33/37 hp.
You barely miss the scorpion.
The scorpion barely misses you. 😕 HP[+1]
You hit the scorpion. The hound misses you. The scorpion closely misses you.
The ball python bites you. The ball python grabs you.
The ball python constricts you. 😕 HP[-1]
You take 1 damage, and now have 33/37 hp.
You closely miss the scorpion. The hound bites you. The scorpion stings you.
You are poisoned.
The scorpion poisons you! The hound barely misses you.
The ball python barely misses you.
The ball python constricts you. 😮 HP[-8]
You take 8 damage, and now have 25/37 hp.
MASSIVE DAMAGE!! (PAUSE)
You completely miss the scorpion.
You feel very sick. The hound barely misses you. The scorpion stings you.
The ball python closely misses you.
The ball python constricts you. 😮 HP[-5]
You take 5 damage, and now have 20/37 hp.
Unknown command.
Okay, then.
You feel much better.
You feel very sick. The hound bites you. The scorpion closely misses you.
The ball python closely misses you. The ball python constricts you.
The hound bites you. 😕 HP[+11]
You regained 11 hp, and now have 31/37 hp.
You hit the scorpion but do no damage.
You feel sick.
The scorpion stings you but does no damage.
The ball python bites you. The ball python constricts you.
The hound closely misses you. 😕 HP[-3]
You take 3 damage, and now have 28/37 hp.
Unknown command.
You closely miss the scorpion.
You feel sick. The scorpion stings you. The hound barely misses you.
The ball python bites you but does no damage.
The ball python constricts you. The hound barely misses you.
The scorpion barely misses you. 😮 HP[-7]
You take 7 damage, and now have 21/37 hp.
Unknown command.
You completely miss the scorpion.
You feel sick. The ball python closely misses you.
The ball python constricts you.
The hound pauses to sniff the ground.
The hound barely misses you.
The scorpion stings you but does no damage.
Okay, then.
You hit the scorpion.
You feel sick. The ball python bites you. The ball python constricts you.
The hound bites you.
* * * LOW HITPOINT WARNING * * *
The scorpion stings you.
* * * LOW HITPOINT WARNING * * *
You are more poisoned.
The scorpion poisons you! The ball python barely misses you.
The ball python constricts you. 😨 HP[-9]
You take 9 damage, and now have 12/37 hp.
MASSIVE DAMAGE!! (PAUSE)
You feel much better.
You feel very sick. The hound bites you. The scorpion stings you.
You are more poisoned.
The scorpion poisons you! The hound bites you.
The ball python closely misses you.
The ball python constricts you. 😮 HP[+9]
You regained 9 hp, and now have 21/37 hp.
You barely miss the scorpion.
You feel very sick. The hound bites you.
* * * LOW HITPOINT WARNING * * *
The scorpion stings you but does no damage.
The ball python closely misses you.
The ball python constricts you. 😨 HP[-7]
You take 7 damage, and now have 14/37 hp.
Unknown command.
You barely miss the scorpion.
You feel very sick. The hound bites you.
* * * LOW HITPOINT WARNING * * *
The scorpion misses you.
The ball python bites you but does no damage.
The ball python constricts you.
* * * LOW HITPOINT WARNING * * *
The hound bites you.
* * * LOW HITPOINT WARNING * * *
😱 HP[-10]
You take 10 damage, and now have 4/37 hp.
MASSIVE DAMAGE!! (PAUSE)
You feel yourself speed up.
* * * LOW HITPOINT WARNING * * *
You feel very sick. The scorpion stings you.
You die...

Skill      XL: |  1  2  3  4 |
---------------+-------------+-----
Fighting       | 1 2 |  2.3
Dodging        | 2 |  2.9
Unarmed Combat | 3 |  3.5
Shapeshifting  | 3 |  3.4

Action                     |  1- 3 |  4- 6 || total
---------------------------+-------+-------++-------
  Melee: Unarmed           |   150 |   106 ||   256
         Punch             |     4 |       ||     4
    Use: Scroll            |       |    14 ||    14
         Potion            |       |     3 ||     3
   Stab: Sleeping          |     2 |       ||     2
         Paralysed         |       |     1 ||     1
 Armour: Animal skin       |    63 |    75 ||   138
  Dodge: Dodged            |    72 |    65 ||   137

Levels and vault maps discovered:
D:1:      scummos_arrival_checkerplants, layout_loops_ring,
          minmay_misc_feat_pillars, minmay_bisected
D:2:      layout_loops_ring, uniq_robin
D:3:      layout_loops_cross, nicolae_ru_great_annihilating_truth, serial_shops,
          shop, nicolae_shop_advertising_works [nicolae_subvault_shop_adworks],
          nicolae_kite_square_tiling_tiny
D:4:      layout_gridville, gup_sewer_entry_bowl, enter_ossuary_1,
          uniq_blork_the_orc

Notes
Turn   | Place    | Note
-------+----------+-------------------------------------------
     0 | D:1      | Zonian the Demigod Shapeshifter began the quest for the
                  | Orb.
     0 | D:1      | Reached XP level 1. HP: 15/15 MP: 3/3
     0 | D:1      | magus.rc [v1.9.6]
     9 | D:1      | Reached skill level 1 in Fighting
    76 | D:1      | Reached skill level 2 in Dodging
    79 | D:1      | Reached XP level 2. HP: 23/23 MP: 4/4
   219 | D:1      | Reached skill level 3 in Unarmed Combat
   263 | D:1      | HP: 5/23 [goblin/+0 dagger (3)]
   492 | D:1      | Reached skill level 3 in Shapeshifting
   492 | D:1      | Reached XP level 3. HP: 24/28 MP: 5/5
   645 | D:1      | You pick up a book of Displacement and begin reading...
   645 | D:1      | You add the spells Lesser Beckoning, Gell's Gravitas and
                  | Teleport Other to your library.
   917 | D:2      | Noticed Robin
   927 | D:2      | Killed Robin
  1328 | D:2      | You pick up a book of Cantrips and begin reading...
  1328 | D:2      | You add the spells Necrotise, Summon Small Mammal and
                  | Apportation to your library.
  1617 | D:3      | Reached XP level 4. HP: 31/36 MP: 6/6
  1839 | D:3      | Reached skill level 2 in Fighting
  1913 | D:3      | You pick up a book of Touch and begin reading...
  1913 | D:3      | You add the spells Kiss of Death, Confusing Touch and
                  | Dispel Undead to your library.
  1986 | D:3      | Found Jades's Book Shoppe.
  2039 | D:3      | Found Uhuut's Magic Scroll Shoppe.
  2054 | D:3      | Bought a scroll of identify for 22 gold pieces
  2054 | D:3      | Bought a scroll of identify for 22 gold pieces
  2971 | D:4      | HP: 8/37 [hound (3)]
  2972 | D:4      | HP: 2/37 [poisoned by a scorpion]
  2972 | D:4      | Slain by a scorpion

Vanquished Creatures
  A hound (D:3)
  Robin (D:2)
  2 adders (D:3)
  A worm (D:2)
  6 dart slugs
  5 orcs (D:3)
  6 bats
  7 endoplasms
  A giant cockroach (D:1)
  10 goblins
  11 hobgoblins
  7 kobolds
  6 quokkas
  7 ball pythons
  4 frilled lizards
  5 rats
80 creatures vanquished.

Table legend:
 A = Non-vault XP
 B = Vault XP
 C = Vault XP percentage of total XP
 D = Non-vault monster count
 E = Vault monster count
 F = Vault count percentage of total count
                 A         B        C        D         E       F
            +---------+---------+-------+---------+---------+-------
      Total |     181 |      50 |  21.6 |      65 |      15 |  18.8
            +---------+---------+-------+---------+---------+-------
        D:1 |      54 |       3 |   5.3 |      25 |       2 |   7.4
        D:2 |      27 |      29 |  51.8 |      15 |       9 |  37.5
        D:3 |     100 |      18 |  15.3 |      25 |       4 |  13.8
            +---------+---------+-------+---------+---------+-------

Skill      XL: |  1  2  3  4 |
---------------+-------------+-----
Fighting       | 1 2 |  2.3
Dodging        | 2 |  2.9
Unarmed Combat | 3 |  3.5
Shapeshifting  | 3 |  3.4

Action                     |  1- 3 |  4- 6 || total
---------------------------+-------+-------++-------
  Melee: Unarmed           |   150 |   106 ||   256
         Punch             |     4 |       ||     4
    Use: Scroll            |       |    14 ||    14
         Potion            |       |     3 ||     3
   Stab: Sleeping          |     2 |       ||     2
         Paralysed         |       |     1 ||     1
 Armour: Animal skin       |    63 |    75 ||   138
  Dodge: Dodged            |    72 |    65 ||   137

Illustrated notes

Table legend:
 A = Kills in this place as a percentage of kills in the entire game.
 B = Kills by you in this place as a percentage of kills by you in the entire game.
 C = Kills by friends in this place as a percentage of kills by friends in the entire game.
 D = Other kills in this place as a percentage of other kills in the entire game.
 E = Experience gained in this place as a percentage of experience gained in the entire game.
 F = Experience gained in this place divided by the number of levels of this place that you have seen.
                   A       B       C       D       E      F
               +-------+-------+-------+-------+-------+----------------------
         Total | 100.0 | 100.0 |   N/A |   N/A | 100.0 |  57.8
       Dungeon | 100.0 | 100.0 |   N/A |   N/A | 100.0 |  57.8
               +-------+-------+-------+-------+-------+----------------------

Table legend: (Time is in decaauts)
 A = Elapsed time spent in this place.
 B = Non-inter-level travel time spent in this place.
 C = Inter-level travel time spent in this place.
 D = Time resting spent in this place.
 E = Time spent auto-exploring this place.
 F = Levels seen in this place.
 G = Mean time per level.
                   A        B        C        D        E       F      G
               +--------+--------+--------+--------+--------+-----+--------+
         Total |   2956 |   2871 |     85 |    672 |   1618 |   4 |  739.0 |
       Dungeon |   2956 |   2871 |     85 |    672 |   1618 |   4 |  739.0 |
               +--------+--------+--------+--------+--------+-----+--------+

Top non-repeatable levels by time:
     D:3: 1342 daAuts
     D:1: 863 daAuts
     D:2: 727 daAuts
     D:4: 22 daAuts
